 Dungeon Crawl Stone Soup version 0.30-a0-134-gb40fab5c76 (webtiles) character file.

Game seed: 10122265169720177084

31 IdlyInterested the Covered (level 3, 0/27 HPs)
             Began as a Demonspawn Wanderer on Sept 19, 2022.
             Slain by an iron imp (7 damage)
             ... summoned by Natasha
             ... on level 2 of the Dungeon.
             The game lasted 00:05:29 (2372 turns).

IdlyInterested the Covered (Demonspawn Wanderer)    Turns: 2372, Time: 00:05:30

Health: 0/27       AC:  9    Str: 16    XL:     3   Next: 7%
Magic:  4/4        EV:  6    Int: 13    God:
Gold:   106        SH:  3    Dex: 10    Spells: 3/4 levels left

rFire   . . .      SeeInvis .    h - +0 spear
rCold   . . .      Faith    .    b - +0 buckler
rNeg    . . .      Spirit   .    d - +0 chain mail
rPois   .          Reflect  .    (no helmet)
rElec   .          Harm     .    (no cloak)
rCorr   .          Rampage  .    (no gloves)
Will    .....                    (no boots)
Stlth   ..........               (no amulet)
HPRegen 0.09/turn                (no ring)
MPRegen 0.09/turn                (no ring)

@: slowed, studying Fighting, very slow
A: foul stench 2
a: no special abilities


You were on level 2 of the Dungeon.
You visited 1 branch of the dungeon, and saw 2 of its levels.

You collected 106 gold pieces.

Inventory:

Hand Weapons
 a - a +0 club
 f - a +0 long sword
 h - a +0 spear (weapon)
 o - a +0 short sword
Armour
 b - a +0 buckler (worn)
 d - a +0 chain mail (worn)
 e - a +0 robe
 q - a +0 leather armour
Scrolls
 g - a scroll of brand weapon {unknown}
 j - a scroll of teleportation {unknown}
 k - 3 scrolls of vulnerability {unknown}
 n - a scroll of enchant armour {unknown}
Potions
 c - a potion of attraction
 i - 2 potions of curing {unknown}
 l - a potion of magic {unknown}
 m - a potion of haste {unknown}
 p - a potion of degeneration {unknown}


   Skills:
 * Level 1.9 Fighting
 - Level 1.0 Maces & Flails
 + Level 0.0 Polearms
 + Level 4.7 Armour
 - Level 1.0 Dodging
 - Level 1.0 Stealth
 - Level 1.0 Shields
 - Level 1.0 Spellcasting
 - Level 1.1 Necromancy


You had 3 spell levels left.
You knew the following spells:

 Your Spells              Type           Power      Damage    Failure   Level
a - Necrotise             Necr           12%        1d4       98%         1

Your spell library contained the following spells:

 Spells                   Type           Power      Damage    Failure   Level
 Vampiric Draining        Necr           3%         2d6       100%        3


Dungeon Overview and Level Annotations

Branches:
Dungeon (2/15)

Altars:

Annotations:
D:2 Natasha


Innate Abilities, Weirdness & Mutations

You sometimes emit foul miasma when damaged in melee.


Message History

Natasha is almost dead.
Natasha casts a spell.
Natasha stares at you and mumbles some strange words.
You feel yourself slow down.
You closely miss Natasha.
Natasha is almost dead.
The crimson imp hits you but does no damage.
Natasha barely misses you.
The crimson imp hits you but does no damage.
The crimson imp completely misses you.
Unknown command.
You hit Natasha but do no damage.
Natasha is almost dead.
The crimson imp closely misses you. Natasha claws you but does no damage.
The crimson imp hits you but does no damage.
The crimson imp closely misses you. Natasha claws you.
The crimson imp hits you but does no damage.
You barely miss Natasha.
Natasha is almost dead.
The crimson imp laughs crazily.
The crimson imp barely misses you. You block Natasha's attack.
The crimson imp hits you but does no damage. x2
Natasha claws you but does no damage.
The crimson imp hits you but does no damage.
You miss Natasha.
Natasha is almost dead.
The crimson imp summons a swarm of flies.
The crimson imp blinks!
Natasha mumbles some strange words.
The crimson imp hits you but does no damage.
Natasha casts a spell at you. The magic dart hits you!
* * * LOW HITPOINT WARNING * * *
You barely miss Natasha.
Natasha is almost dead.
You block the crimson imp's attack.
Natasha mumbles some strange words.
You feel troubled. Natasha barely misses you. The iron imp hits you!
You die...

#.###........##
# #.#
##..##....### #
#.#
#..####....####
#.# .#
##.#..... #.#
#..##### #.#
##......
#.###.#### ###
######.
#......5.#.....
......#
#.....5@h...#
######.#
#........##....
... #.#
#....5...# ##
#.##.#
#........#
#.....
#.###..###
#..#.# ... ....
#..... ## ...##
##..## +...
#.... #...#


You could see an iron imp (summoned), Natasha and 2 crimson imps.

Vanquished Creatures
  5 endoplasms
  6 giant cockroaches (D:1)
  2 hobgoblins (D:1)
  A quokka (D:2)
  3 ball pythons (D:1)
  4 bats
  7 frilled lizards
  A kobold (D:2)
  A bush (D:1)
30 creatures vanquished.

Vanquished Creatures (others)
  A plant (D:1)
1 creature vanquished.

Grand Total: 31 creatures vanquished

Notes
Turn   | Place    | Note
-------+----------+-------------------------------------------
     0 | D:1      | IdlyInterested the Demonspawn Wanderer began the quest for
                  | the Orb.
     0 | D:1      | IdlyInterested set off with the following items: a +0 club,
                  | a +0 buckler, a potion of attraction, a +0 chain mail; and
                  | the following spell memorised: Necrotise; and the following
                  | spells available to memorise: Vampiric Draining.
     0 | D:1      | Reached XP level 1. HP: 13/13 MP: 2/2
   469 | D:1      | Reached skill level 1 in Fighting
   597 | D:1      | Gained mutation: You may rarely emit foul miasma when
                  | damaged in melee. [demonic ancestry]
   597 | D:1      | Reached XP level 2. HP: 21/21 MP: 3/3
  1592 | D:1      | Reached skill level 1 in Maces & Flails
  2089 | D:2      | Gained mutation: You sometimes emit foul miasma when
                  | damaged in melee. [demonic ancestry]
  2089 | D:2      | Reached XP level 3. HP: 26/27 MP: 4/4
  2357 | D:2      | Noticed Natasha
  2372 | D:2      | Slain by an iron imp

Illustrated notes

Levels and vault maps discovered:
D:1:      saegor_arrival_simple_a, layout_rooms, serial_forest,
          infiniplex_forest_straight_1, infiniplex_forest_zigzag_1,
          infiniplex_forest_clump_long, infiniplex_forest_clump_tiny,
          infiniplex_forest_straight_3, minmay_worlds_worst_comb
D:2:      layout_basic, grunt_ministairs_1, kennysheep_generic_room_14,
          uniq_natasha, uniq_crazy_yiuf_cottage

Skill      XL: |  1  2 |
---------------+-------+-----
Fighting       | 1 |  1.9
Maces & Flails | 1 |  1.0
Armour         | |  4.7
Dodging        | |  1.0
Stealth        | |  1.0
Shields        | |  1.0
Spellcasting   | |  1.0
Necromancy     | |  1.1

Action                   || total
-------------------------++-------
Melee: Club              ||   111
       Spear             ||   334
Armor: Chain mail        ||   104
Dodge: Dodged            ||    52
Block: Buckler           ||    19

Table legend: (Time is in decaauts)
 A = Elapsed time spent in this place.
 B = Non-inter-level travel time spent in this place.
 C = Inter-level travel time spent in this place.
 D = Time resting spent in this place.
 E = Time spent auto-exploring this place.
 F = Levels seen in this place.
 G = Mean time per level.
                   A        B        C        D        E       F      G
               +--------+--------+--------+--------+--------+-----+--------+
         Total |   2457 |   2393 |     64 |    792 |    898 |   2 | 1228.5 |
       Dungeon |   2457 |   2393 |     64 |    792 |    898 |   2 | 1228.5 |
               +--------+--------+--------+--------+--------+-----+--------+

Top non-repeatable levels by time:
     D:1: 2156 daAuts
     D:2: 301 daAuts
